 Dungeon Crawl Stone Soup version 0.30-a0-715-gdb4ae3ece1 (webtiles) character file.

Game seed: 9180955317871266433

1349 pokeman the Thaumaturge (level 8, -9/44 HPs)
             Began as a Deep Elf Hedge Wizard on Jan 25, 2023.
             Mangled by an ice beast (12 damage)
             ... on level 6 of the Dungeon.
             The game lasted 00:09:20 (5708 turns).

pokeman the Thaumaturge (Deep Elf Hedge Wizard)     Turns: 5708, Time: 00:09:20

Health: -9/44      AC:  3    Str:  7    XL:     8   Next: 36%
Magic:  17/22      EV: 13    Int: 22    God:
Gold:   352        SH:  0    Dex: 12    Spells: 9/24 levels left

rFire   + . .      SeeInvis .    y - +12 rapier of the Hidden Songs {freeze, rPois rN+ Dex-2}
rCold   . . .      Faith    .    (no shield)
rNeg    + . .      Spirit   .    b - +0 robe
rPois   +          Reflect  .    q - +0 helmet
rElec   .          Harm     .    (no cloak)
rCorr   .          Rampage  .    (no gloves)
Will    .....                    (no boots)
Stlth   ++                       (no amulet)
HPRegen 0.27/turn                l - +4 ring of slaying
MPRegen 0.18/turn                n - ring of protection from fire

@: on blink cooldown
A: no striking features
a: no special abilities


You were on level 6 of the Dungeon.
You visited 1 branch of the dungeon, and saw 6 of its levels.

You collected 352 gold pieces.

Inventory:

Hand Weapons
 y - the +12 rapier of the Hidden Songs (weapon) {freeze, rPois rN+ Dex-2}
   (You found it on level 5 of the Dungeon)

   Dex:       It affects your dexterity (-2).
   rPois:     It protects you from poison.
   rN:        It protects you from negative energy.
Missiles
 B - 2 throwing nets
Armour
 b - a +0 robe (worn)
 k - a +2 ring mail of poison resistance
 q - a +0 helmet (worn)
Jewellery
 c - a ring of flight
 l - a +4 ring of slaying (left hand)
 n - a ring of protection from fire (right hand)
Wands
 o - a wand of flame (8)
 C - a wand of paralysis (8)
Scrolls
 a - 6 scrolls of teleportation {unknown}
 f - a scroll of acquirement {unknown}
 g - a scroll of silence {unknown}
 h - a scroll of summoning {unknown}
 j - 2 scrolls of noise {unknown}
 p - 2 scrolls of identify {unknown}
 r - a scroll of amnesia {unknown}
 s - a scroll of fog {unknown}
 t - a scroll of enchant weapon {unknown}
 u - a scroll of enchant armour {unknown}
 A - a scroll of vulnerability {unknown}
Potions
 d - a potion of magic
 e - a potion of resistance {unknown}
 i - a potion of berserk rage {unknown}
 m - a potion of brilliance {unknown}
 v - a potion of might {unknown}
 w - 3 potions of heal wounds {unknown}
 x - 2 potions of lignification {unknown}
 z - a potion of mutation {unknown}
 D - a potion of ambrosia {unknown}


   Skills:
 + Level 1.7 Fighting
 - Level 1.0 Armour
 - Level 4.0 Dodging
 - Level 4.0 Stealth
 * Level 8.9 Spellcasting
 + Level 6.6 Conjurations
 + Level 2.5 Summonings
 - Level 1.1 Translocations
 - Level 1.0 Air Magic
 - Level 1.2 Poison Magic
 - Level 1.2 Evocations


You had 9 spell levels left.
You knew the following spells:

 Your Spells              Type           Power      Damage    Failure   Level
a - Magic Dart            Conj           100%       1d8       1%          1
b - Mephitic Cloud        Conj/Pois/Air  22%        N/A       6%          3
c - Call Imp              Summ           20%        N/A       3%          2
d - Blink                 Tloc           28%        N/A       7%          2
e - Orb of Destruction    Conj           19%        9d8       98%         7

Your spell library contained the following spells:

 Spells                   Type           Power      Damage    Failure   Level
 Slow                     Hex            36%        N/A       7%          1
 Cigotuvi's Dreadful Rot  Necr/Pois/Air  26%        N/A       8%          2
 Summon Guardian Golem    Hex/Summ       15%        N/A       12%         3
 Summon Lightning Spire   Summ/Air       17%        N/A       32%         4
 Spellforged Servitor     Conj/Summ      14%        N/A       100%        7
 Storm Form               Tmut/Air       5%         N/A       100%        7
 Maxwell's Capacitive Co  Air            7%         ∞         100%        8


Dungeon Overview and Level Annotations

Branches:
Dungeon (6/15)
 Temple: D:4-7

Altars:
Ashenzari
Hepliaklqana
Kikubaaqudgha
Okawaru
Sif Muna
Wu Jian
Xom
Yredelemnul
The Shining One

Shops:
D:1 (   D:2 =


Message History

The orc is lightly wounded.
Your crimson imp hits the orc.
The orc completely misses you.
Your crimson imp barely misses the orc.
The orc hits you with a +0 whip.
You hit the orc. You freeze the orc.
You kill the orc!
Items here: ))) [[ ††.
Things that are here:
a +0 short sword; a +0 scale mail An ice beast comes into view.
Your crimson imp blinks!
Things that are here:
a +0 club; an orc corpse
Casting: Call Imp (safe; 3% risk of failure)
Confirm with . or Enter, or press ? or * to list all spells.
A beastly little devil appears in a puff of flame.
You hit the ice beast.
The ice beast is lightly wounded.
The ice beast hits you. The ice beast freezes you!
Your crimson imp hits the ice beast.
You puncture the ice beast!
The ice beast is heavily wounded.
The ice beast hits you. The ice beast freezes you!
* * * LOW HITPOINT WARNING * * *
Your crimson imp blinks!
Casting: Call Imp (safe; 3% risk of failure)
Confirm with . or Enter, or press ? or * to list all spells.
You blink.
Casting: Blink (safe; 7% risk of failure)
Confirm with . or Enter, or press ? or * to list all spells.
Aiming: Magic Dart (safe; 1% risk of failure)
Press: ? - help, Shift-Dir - straight line, f - ice beast
Aim: an ice beast (heavily wounded, 100% to hit)
The magic dart hits the ice beast.
The ice beast is heavily wounded.
You hit the ice beast.
The ice beast is severely wounded.
The ice beast hits you.
* * * LOW HITPOINT WARNING * * *
The ice beast freezes you!
You die...

#.§$.^.#.. #§# #[#.###
#####.####.#.#.#######
...........5..##.....##
#####.####.#)##....?..##
..###.# #.#5#....>.....
##.##.. ..#)..♣.....♣..
>#.###########..!.......
.#.### #Y@♣.♣.
.....######## ##......#
.###.##.....# ##..$.##
.###.##.....# ..###
............# .##
..##.##.....# .#
.....##.....# .#
...########## .# ...#


You could see an ice beast (ally target) and a friendly crimson imp (summoned).

Vanquished Creatures
  Grinder (D:3)
  Sigmund (D:2)
  A sky beast (D:6)
  An ice beast (D:6)
  An ogre (D:5)
  A phantom (D:6)
  A necrophage (D:4)
  6 hounds
  An orc priest (D:6)
  A gnoll bouda (D:6)
  An iguana (D:4)
  An orc wizard (D:6)
  Natasha (thrice) (D:2)
  6 adders
  7 gnolls
  A white imp (D:5)
  2 ufetubi (D:4)
  A dart slug (D:1)
  8 orcs
  10 ball pythons
  5 endoplasms
  3 giant cockroaches
  8 goblins
  5 hobgoblins
  10 jackals
  12 kobolds
  4 quokkas
  7 bats
  2 frilled lizards (D:1)
  5 rats
116 creatures vanquished.

Notes
Turn   | Place    | Note
-------+----------+-------------------------------------------
     0 | D:1      | pokeman the Deep Elf Hedge Wizard began the quest for the
                  | Orb.
     0 | D:1      | Reached XP level 1. HP: 10/10 MP: 7/7
   217 | D:1      | Reached XP level 2. HP: 15/15 MP: 4/9
   632 | D:1      | Reached skill level 5 in Spellcasting
   651 | D:1      | Found a faded altar of an unknown god.
   721 | D:1      | Found Usideq's Antique Weapon Shop.
   855 | D:1      | Reached XP level 3. HP: 20/20 MP: 6/11
   859 | D:1      | Learned a level 3 spell: Mephitic Cloud
   862 | D:1      | Learned a level 2 spell: Call Imp
   865 | D:1      | Learned a level 2 spell: Blink
  1295 | D:2      | You fall into a shaft and drop 1 floor!
  1482 | D:3      | Noticed Grinder
  1490 | D:2      | Reached skill level 1 in Armour
  1790 | D:2      | Reached skill level 1 in Fighting
  1875 | D:2      | Noticed Sigmund
  1887 | D:2      | Killed Sigmund
  1888 | D:2      | Reached skill level 5 in Conjurations
  1888 | D:2      | Reached XP level 4. HP: 19/25 MP: 8/13
  1888 | D:2      | Reached XP level 5. HP: 22/29 MP: 8/14
  2033 | D:2      | Found Woyhoukh's Jewellery Shop.
  2071 | D:2      | Noticed Natasha
  2082 | D:2      | Killed Natasha
  2211 | D:2      | Noticed Natasha
  2224 | D:2      | Killed Natasha
  2225 | D:2      | Reached XP level 6. HP: 34/34 MP: 12/16
  2363 | D:2      | Noticed Natasha
  2368 | D:2      | Killed Natasha
  2704 | D:3      | Killed Grinder
  2705 | D:3      | Reached skill level 6 in Spellcasting
  3005 | D:3      | Reached XP level 7. HP: 38/38 MP: 12/18
  3148 | D:3      | Found a broken altar of Ashenzari.
  3153 | D:3      | Found a glowing golden altar of the Shining One.
  3155 | D:3      | Found an iron altar of Okawaru.
  3155 | D:3      | Found a shimmering blue altar of Sif Muna.
  3155 | D:3      | Found an ornate altar of the Wu Jian Council.
  3156 | D:3      | Found a shimmering altar of Xom.
  3158 | D:3      | Found a hazy altar of Hepliaklqana.
  3159 | D:3      | Found an ancient bone altar of Kikubaaqudgha.
  3603 | D:4      | Reached skill level 7 in Spellcasting
  3903 | D:4      | Learned a level 7 spell: Orb of Destruction
  4122 | D:5      | Entered Level 5 of the Dungeon
  4334 | D:5      | Found a basalt altar of Yredelemnul.
  4360 | D:5      | Identified the +12 rapier of the Hidden Songs {freeze,
                  | rPois rN+ Dex-2}
  4743 | D:5      | Reached skill level 1 in Evocations
  5154 | D:6      | Reached skill level 1 in Air Magic
  5166 | D:6      | Reached skill level 8 in Spellcasting
  5166 | D:6      | Reached skill level 1 in Poison Magic
  5166 | D:6      | Reached XP level 8. HP: 11/43 MP: 9/22
  5708 | D:6      | Mangled by an ice beast

Illustrated notes

Levels and vault maps discovered:
D:1:      minmay_arrival_cross, layout_loops_ring,
          chequers_ecumenical_altar_grove, serial_shops,
          nicolae_shop_behind_doors, chequers_serial_rivers_micro_a
D:2:      layout_rooms, serial_shops, shop_statue, uniq_sigmund, uniq_natasha
D:3:      layout_basic, minitemple, minmay_misc_feat_more_columns, uniq_grinder
D:4:      layout_basic
D:5:      layout_loops_ring, amcnicky_altar_gilded
D:6:      layout_loops_cross, temple_doors_cd, grunt_ministairs_9

Skill      XL: |  1  2  3  4  5  6  7  8 |
---------------+-------------------------+-----
Spellcasting   | 5 6 8 |  8.9
Armour         | 1 |  1.0
Fighting       | 1 |  1.7
Conjurations   | 5 6 |  6.6
Dodging        | 3 4 |  4.0
Stealth        | 3 4 |  4.0
Evocations     | 1 |  1.2
Air Magic      | 1 |  1.0
Poison Magic   | 1 |  1.2
Summonings     | 2 |  2.5
Translocations | |  1.1

Action                     |  1- 3 |  4- 6 |  7- 9 || total
---------------------------+-------+-------+-------++-------
  Melee: Short sword       |    30 |     8 |       ||    38
         Punch             |     1 |       |       ||     1
         Rapier            |       |       |    36 ||    36
   Cast: Magic Dart        |    92 |    47 |   125 ||   264
         Mephitic Cloud    |     1 |     3 |     5 ||     9
         Call Imp          |     1 |     1 |     2 ||     4
         Blink             |       |       |     1 ||     1
   Stab: Sleeping          |     1 |       |       ||     1
         Confused          |       |     3 |     1 ||     4
         Distracted        |       |       |     1 ||     1
 Armour: Robe              |     8 |     4 |     8 ||    20
  Dodge: Dodged            |    28 |     7 |    33 ||    68

Table legend: (Time is in decaauts)
 A = Elapsed time spent in this place.
 B = Non-inter-level travel time spent in this place.
 C = Inter-level travel time spent in this place.
 D = Time resting spent in this place.
 E = Time spent auto-exploring this place.
 F = Levels seen in this place.
 G = Mean time per level.
                   A        B        C        D        E       F      G
               +--------+--------+--------+--------+--------+-----+--------+
         Total |   5713 |   5276 |    437 |     43 |   4567 |   6 |  952.2 |
       Dungeon |   5713 |   5276 |    437 |     43 |   4567 |   6 |  952.2 |
               +--------+--------+--------+--------+--------+-----+--------+

Top non-repeatable levels by time:
     D:1: 1295 daAuts
     D:3: 996 daAuts
     D:2: 953 daAuts
     D:5: 943 daAuts
     D:4: 875 daAuts
     D:6: 648 daAuts
